 Dungeon Crawl Stone Soup version 0.31.0-1-g2c135a008e (webtiles) character file.

Game seed: 15990600364850237688

119 qw the Shooter (level 5, -1/40 HPs)
             Began as a Djinni Hunter on Jan 23, 2024.
             Slain by a kobold brigand
             ... wielding a +0 dagger
              (3 damage)
             ... in a sewer.
             The game lasted 00:00:06 (1711 turns).

qw the Shooter (Djinni Hunter)                      Turns: 1711, Time: 00:00:07

Health: -1/40      AC:  3    Str: 10    XL:     5   Next: 24%
Gold:   69         EV: 12    Int: 11    God:
                   SH:  0    Dex: 18

rFire   + + .        a - +0 shortbow
rCold   . . .        (shield currently unavailable)
rNeg    . . .        c - +0 leather armour
rPois   inf          (no helmet)
rElec   .            (no cloak)
rCorr   .            (no gloves)
SInv    .            (boots unavailable)
Will    .....        (no amulet)
Stlth   ++           d - ring of protection from cold
HPRegen 0.26/turn    (no ring)
MPRegen 0.00/turn

%: infuse magic (-2 HP)
@: flying
A: sickness immunity, fire resistance 2, cold vulnerability 1, float, innate
caster, HP casting, extra vitality 1
a: no special abilities


You were in a sewer.
You visited 1 branch of the dungeon, and saw 3 of its levels.
You also visited: Sewer.

You collected 69 gold pieces.


Innate Abilities, Weirdness & Mutations

You are immune to sickness and miasma.
You are immune to poison.
Your flesh is very heat resistant. (rF++)
You are vulnerable to cold. (rC-)
You float through the air rather than walking.
You learn spells naturally, not from books.
Your magical power is your life essence.
You have superior vitality. (+4 MHP)


   Skills:
 - Level 3.0 Fighting
 + Level 4.3 Ranged Weapons
 - Level 3.0 Dodging
 - Level 0.7 Stealth


You knew the following spells:

 Your Spells              Type           Power      Damage    Failure   Level
a - Apportation           Tloc           0%         N/A       43%         1
b - Jinxbite              Hex            0%         N/A       58%         2
Your spell library was empty.

Inventory:

Hand Weapons
 a - a +0 shortbow (weapon)
Armour
 c - a +0 leather armour (worn)
Jewellery
 d - a ring of protection from cold (left hand)
Potions
 e - 2 potions of might

Dungeon Overview and Level Annotations

Branches:
Dungeon (3/15)              Sewer (1/1)

Altars:


Message History

The kobold hits the plant with a +0 dagger.
The plant begins to die.
The kobold brigand barely misses you.
You shoot an arrow.
The arrow barely misses the kobold brigand.
The kobold hits you but does no damage.
The kobold brigand hits you with a +0 dagger.
The kobold hits the plant with a +0 dagger.
The kobold hits you with a +0 dagger.
You shoot an arrow.
The arrow hits the kobold brigand but does no damage.
The kobold brigand is heavily wounded.
The kobold barely misses you.
The kobold brigand hits you with a +0 dagger.
The kobold misses you.
The kobold splashes around in the water.
You shoot an arrow. The arrow hits the kobold brigand.
The kobold brigand is severely wounded.
The kobold splashes around in the water.
The kobold brigand hits you but does no damage.
The kobold hits the plant with a +0 dagger.
The kobold hits you with a +0 dagger.
The kobold splashes around in the water.
You shoot an arrow.
The arrow closely misses the kobold brigand.
A nearby plant withers and dies.
The kobold brigand hits you with a +0 dagger.
The kobold hits you with a +0 dagger. The kobold hits you but does no damage.
The kobold completely misses you.
The kobold brigand hits you with a +0 dagger.
You shoot an arrow.
The arrow barely misses the kobold brigand.
The kobold hits you with a +0 dagger. The kobold hits you but does no damage.
The kobold brigand hits you with a +0 dagger.
The kobold barely misses you.
You shoot an arrow.
The arrow closely misses the kobold brigand.
The kobold misses you.
The kobold splashes around in the water.
The kobold brigand hits you with a +0 dagger.
You die...

##############~#######~
#~~~~~~~~~~~~~~~~~~~
#~~~~~~~~~~~~~~~~~~~
~~~~~~~~~~~~~~~~~~~
######~##########~~~~##
#.!..#~P~~...~~P~~~~P~~
#.\.!'K~~~...~~~P~~~~~P
#!..KKKK.~.......~P~P..
#@K...............
#......##.........
##########..P#....
#...#.... #####.P## #


You could see a kobold brigand and 5 kobolds.

Vanquished Creatures
  4 adders (D:2)
  2 dart slugs (D:1)
  2 ribbon worms
  4 orcs (D:3)
  13 ball pythons
  8 endoplasms
  5 giant cockroaches
  5 hobgoblins
  2 jackals (D:2)
  8 kobolds
  A quokka (D:1)
  6 bats
  2 frilled lizards
  4 goblins
  3 rats
69 creatures vanquished.

Notes
Turn   | Place    | Note
-------+----------+-------------------------------------------
     0 | D:1      | qw the Djinni Hunter began the quest for the Orb.
     0 | D:1      | Reached XP level 1. HP: 18/18 MP: 0/0
     0 | D:1      | 0 ||| qw: Version: 0.3-a-135-gb77e89d
     0 | D:1      | 0 ||| qw: Game counter: 841
     0 | D:1      | 0 ||| qw: Melee chars always use a shield: true
     0 | D:1      | 0 ||| qw: God list: Okawaru
     0 | D:1      | 0 ||| qw: Allow faded altars: false
     0 | D:1      | 0 ||| qw: Do Orc after clearing Dungeon:15 true
     0 | D:1      | 0 ||| qw: Do second Lair branch before Depths: true
     0 | D:1      | 0 ||| qw: Lair rune preference: random
     0 | D:1      | 0 ||| qw: Goals: Normal
     0 | D:1      | 0 ||| PLANNING D:1-11
   111 | D:1      | Reached XP level 2. HP: 23/23 MP: 0/0
   366 | D:1      | Reached XP level 3. HP: 28/28 MP: 0/0
   366 | D:1      | Learned a level 1 spell: Apportation
   381 | D:1      | Reached skill level 4 in Ranged Weapons
   789 | D:1      | 789 ||| READING scroll labelled HAUF VEUDUM.
   790 | D:1      | 790 ||| READING scroll labelled DIATHO FERIPRE.
   790 | D:1      | 790 ||| IDENTIFYING viscous coppery potion
   791 | D:1      | 791 ||| DROPPING scroll of butterflies.
  1002 | D:2      | Reached skill level 3 in Fighting
  1002 | D:2      | Reached XP level 4. HP: 35/35 MP: 0/0
  1185 | D:2      | Reached skill level 3 in Dodging
  1368 | D:2      | 1368 ||| UPGRADING to ring of protection from cold.
  1369 | D:2      | 1369 ||| READING scroll of identify.
  1369 | D:2      | 1369 ||| IDENTIFYING scroll labelled GOUTHR WEUPT
  1370 | D:2      | 1370 ||| READING scroll labelled KAYSTR WYGAI.
  1374 | D:2      | 1374 ||| READING scroll labelled KESMYD IM YZU.
  1375 | D:2      | 1375 ||| DROPPING scroll of noise.
  1406 | D:3      | 1406 ||| PLANNING SEWER
  1434 | D:3      | Reached XP level 5. HP: 32/40 MP: 0/0
  1434 | D:3      | Learned a level 2 spell: Jinxbite
  1435 | D:3      | 1435 ||| FLEEEEING.
  1436 | D:3      | 1436 ||| FLEEEEING.
  1437 | D:3      | 1437 ||| FLEEEEING.
  1438 | D:3      | 1438 ||| FLEEEEING.
  1439 | D:3      | 1439 ||| FLEEEEING.
  1440 | D:3      | 1440 ||| FLEEEEING.
  1441 | D:3      | 1441 ||| FLEEEEING.
  1442 | D:3      | 1442 ||| FLEEEEING.
  1443 | D:3      | 1443 ||| FLEEEEING.
  1446 | D:3      | 1446 ||| FLEEEEING.
  1447 | D:3      | 1447 ||| STAIRDANCE
  1510 | D:3      | 1510 ||| STAIRDANCE
  1554 | D:3      | Found a glowing drain.
  1569 | Sewer    | Entered a sewer
  1692 | Sewer    | Noticed a kobold brigand
  1709 | Sewer    | HP: 10/40 [kobold brigand/+0 dagger (3)]
  1710 | Sewer    | HP: 2/40 [kobold brigand/+0 dagger (3)]
  1711 | Sewer    | Slain by a kobold brigand

Levels and vault maps discovered:
D:1:      lightli_iron_boxes, layout_basic
D:2:      layout_rooms, kennysheep_generic_room_16
D:3:      layout_basic, nicolae_wu_jian_glorious_leap,
          cheibrodos_sewer_entry_sluice
Sewer:    kennysheep_pipe_town

Skill      XL: |  1  2  3  4 |
---------------+-------------+-----
Ranged Weapons | 4 |  4.3
Fighting       | 3 |  3.0
Dodging        | 3 |  3.0
Stealth        | |  0.7

Action                     |  1- 3 |  4- 6 || total
---------------------------+-------+-------++-------
   Fire: Shortbow          |    74 |    92 ||   166
    Use: Scroll            |     2 |     3 ||     5
 Armour: Leather armour    |     3 |    39 ||    42
  Dodge: Dodged            |    16 |    42 ||    58

Table legend:
 A = Non-vault XP
 B = Vault XP
 C = Vault XP percentage of total XP
 D = Non-vault monster count
 E = Vault monster count
 F = Vault count percentage of total count
                 A         B        C        D         E       F
            +---------+---------+-------+---------+---------+-------
      Total |     149 |      22 |  12.9 |      55 |      14 |  20.3
            +---------+---------+-------+---------+---------+-------
        D:1 |      40 |       0 |   0.0 |      21 |       0 |   0.0
        D:2 |      86 |       1 |   1.1 |      23 |       1 |   4.2
        D:3 |      23 |       6 |  20.7 |      11 |       2 |  15.4
      Sewer |       0 |      15 | 100.0 |       0 |      11 | 100.0
            +---------+---------+-------+---------+---------+-------
